 Dungeon Crawl Stone Soup version 0.29.0-7-g18a832c13a (webtiles) character file.

Game seed: 3293525412334775397

461 Tirrikindir the Slasher (level 7, -4/48 HPs)
             Began as an Octopode Fighter on Aug 31, 2022.
             Slain by an ice beast (9 damage)
             ... on level 5 of the Dungeon.
             The game lasted 00:10:48 (4606 turns).

Tirrikindir the Slasher (Octopode Fighter)          Turns: 4606, Time: 00:10:50

Health: -4/48      AC:  1    Str: 16    XL:     7   Next: 7%
Magic:  7/7        EV: 18    Int: 10    God:
Gold:   229        SH:  5    Dex: 13    Spells: 6/6 levels left

rFire   . . .      SeeInvis .   a - +0 long sword
rCold   . . .      Faith    .   b - +0 buckler
rNeg    . . .      Spirit   .   (helmet restricted)
rPois   .          Reflect  .   (no amulet)
rElec   .          Harm     .   f - +4 ring of evasion
rCorr   +          Rampage  .   l - ring of resist corrosion
Will    .....                   (no ring)
Stlth   ++++......              (no ring)
HPRegen 0.16/turn               (no ring)
MPRegen 0.10/turn               (no ring)
                                (no ring)
                                (no ring)

@: no status effects
A: almost no armour, amphibious, 8 rings, camouflage 1, gelatinous body 1,
(nimble swimmer 1), tentacles
a: no special abilities


You were on level 5 of the Dungeon.
You visited 1 branch of the dungeon, and saw 5 of its levels.

You collected 229 gold pieces.

Inventory:

Hand Weapons
 a - a +0 long sword (weapon)
 p - a +2 dagger of venom
Missiles
 u - 2 poisoned darts (quivered)
Armour
 b - a +0 buckler (worn)
Jewellery
 f - a +4 ring of evasion (left tentacle)
 l - a ring of resist corrosion (right tentacle)
 z - a ring of fire
Wands
 x - a wand of paralysis (5)
Scrolls
 d - a scroll of amnesia {unknown}
 e - a scroll of teleportation
 i - 2 scrolls of magic mapping
 j - a scroll of silence
 n - a scroll of fear {unknown}
 o - a scroll of summoning {unknown}
 q - a scroll of vulnerability {unknown}
 t - a scroll of enchant armour {unknown}
 v - 5 scrolls of identify
 y - a scroll of enchant weapon {unknown}
Potions
 c - 2 potions of might
 g - 4 potions of haste
 h - a potion of brilliance
 k - 2 potions of invisibility
 m - a potion of lignification {unknown}
 r - 2 potions of degeneration {unknown}
 s - a potion of heal wounds {unknown}
 w - a potion of curing {unknown}


   Skills:
 - Level 4.0 Fighting
 * Level 4.7 Long Blades
 - Level 4.0 Dodging
 + Level 4.2 Stealth
 - Level 4.0 Shields
 + Level 0.2 Evocations


You had 6 spell levels left.
You didn't know any spells.
Your spell library contained the following spells:

 Spells                   Type           Power      Damage    Failure   Level
 Beastly Appendage        Tmut           0%         N/A       43%         1
 Shock                    Conj/Air       0%         1d3       43%         1
 Ensorcelled Hibernation  Hex/Ice        0%         N/A       58%         2
 Wereblood                Tmut           0%         N/A       58%         2
 Gell's Gravitas          Tloc           0%         N/A       82%         3
 Spider Form              Tmut/Pois      0%         N/A       82%         3
 Swiftness                Air            0%         N/A       82%         3
 Teleport Other           Tloc           0%         N/A       82%         3
 Airstrike                Air            0%         2d(0-16)  99%         4
 Anguish                  Hex/Necr       0%         N/A       99%         4
 Dispersal                Tloc           0%         N/A       100%        6


Dungeon Overview and Level Annotations

Branches:
Dungeon (5/15)
 Temple: D:4-7

Altars:
Makhleb
Okawaru

Shops:
D:1 =*


Innate Abilities, Weirdness & Mutations

You cannot wear most types of armour.
You are amphibious.
You can wear up to eight rings at the same time.
Your skin changes colour to match your surroundings (Stealth+).
Your rubbery body absorbs attacks. (AC +1, EV +1)
((You are camouflaged when in or above water. (Stealth+)))
You have tentacles for arms and can constrict up to eight enemies at once.


Message History

Found a robe.
The orc shouts!
You hit the orc.
You kill the orc!
The orc hits you but does no damage.
You hit the orc. You grab the orc.
The orc is severely wounded.
You constrict the orc.
You kill the orc!
You hit the ice beast. Your squeeze misses the ice beast.
The ice beast is lightly wounded.
The ice beast misses you.
You hit the ice beast. You squeeze the ice beast!
The ice beast is severely wounded.
The ice beast closely misses you.
You closely miss the ice beast. Your squeeze misses the ice beast.
The ice beast is severely wounded.
You block the ice beast's attack. The orc misses you.
The orc barely misses you. The ice beast hits you. The ice beast freezes you!
You hit the orc. You grab the orc.
The orc is moderately wounded.
You constrict the orc, but do no damage.
You block the ice beast's attack. The orc misses you.
You hit the ice beast but do no damage. Your squeeze misses the ice beast.
The ice beast is severely wounded.
You constrict the orc. The ice beast barely misses you.
The orc hits you with a +0 hand axe!
You closely miss the ice beast.
The ice beast is severely wounded.
You constrict the orc.
You kill the orc!
The ice beast hits you. The ice beast freezes you!
* * * LOW HITPOINT WARNING * * *
Aiming: Paralyse
Press: ? - help, Shift-Dir - straight line, f - ice beast
Aim: an ice beast (severely wounded, chance to affect: 49%)
The ice beast resists with some effort.
The ice beast hits you.
* * * LOW HITPOINT WARNING * * *
The ice beast freezes you!
You die...

..S#.....## ..........#
#.. ..........## ###
##....
...........###.##.#...
......(....#.........
....##<...........#
......$.............
......##.........#
..Y...#.......Y@.#
##... #........))#
#.............)#.....#
#....................#
#...................#..
...............#...#
..........###.##.....
##......# ... .....#
##..... #....#....


You could see an ice beast.

Vanquished Creatures
  A scorpion (D:4)
  An orc priest (D:4)
  3 iguanas (D:4)
  5 orc wizards (D:3)
  6 adders
  An ufetubus (D:4)
  3 worms (D:2)
  2 dart slugs
  18 orcs
  6 endoplasms
  3 giant cockroaches
  6 goblins
  5 hobgoblins
  7 jackals
  3 quokkas
  4 ball pythons
  4 bats
  4 frilled lizards
  2 kobolds
  3 rats (D:1)
87 creatures vanquished.

Notes
Turn   | Place    | Note
-------+----------+-------------------------------------------
     0 | D:1      | Tirrikindir the Octopode Fighter began the quest for the
                  | Orb.
     0 | D:1      | Reached XP level 1. HP: 16/16 MP: 1/1
   144 | D:1      | Reached XP level 2. HP: 12/21 MP: 2/2
   341 | D:1      | Found Xaowaqig's Assorted Antiques.
   593 | D:1      | Found Emer's Jewellery Boutique.
   630 | D:1      | Found a faded altar of an unknown god.
   659 | D:1      | Reached skill level 1 in Stealth
   831 | D:2      | Reached XP level 3. HP: 6/26 MP: 3/3
  1193 | D:2      | Found the +6 lightning scales {swift, rElec}
  1533 | D:2      | Reached XP level 4. HP: 31/31 MP: 4/4
  2334 | D:3      | Reached XP level 5. HP: 12/36 MP: 5/5
  2745 | D:3      | Found an iron altar of Okawaru.
  3059 | D:3      | Identified the +3 barding of the Sturgeon {rF+ Str+2}
  3353 | D:3      | Reached XP level 6. HP: 16/43 MP: 6/6
  4118 | D:4      | Reached XP level 7. HP: 19/48 MP: 7/7
  4346 | D:4      | Identified the +3 helmet of the Earth {Harm Rampage Int+2
                  | SInv}
  4468 | D:4      | Found a burning altar of Makhleb.
  4586 | D:5      | Entered Level 5 of the Dungeon
  4606 | D:5      | Slain by an ice beast

Illustrated notes

Levels and vault maps discovered:
D:1:      onia_arrival_mini_spirals, layout_loops_cross,
          hellmonk_ecumenical_altar_lost_god, serial_shops,
          nicolae_shop_hallway_plus, shop
D:2:      layout_loops_ring, nicolae_hexahallways
D:3:      minmay_evil_eye, layout_loops_corners, okawaru_gym_becter,
          minmay_misc_feat_tower, hangedman_decor_slide_cut
D:4:      layout_rooms, marbit_many_paths
D:5:      layout_cave_pools, mainiacjoe_overflow_large_starburst, serial_rivers,
          chequers_serial_rivers_micro_c, chequers_serial_rivers_micro_a,
          chequers_serial_rivers_small_3, chequers_serial_rivers_large_a,
          gammafunk_ghost_hive

Skill      XL: |  1  2  3  4  5  6 |
---------------+-------------------+-----
Stealth        | 1 2 3 4 |  4.2
Long Blades    | 3 4 |  4.7
Fighting       | 4 |  4.0
Dodging        | 4 |  4.0
Shields        | 4 |  4.0
Evocations     | |  0.2

Action                   |  1- 3 |  4- 6 |  7- 9 || total
-------------------------+-------+-------+-------++-------
Melee: Long sword        |    59 |   114 |    12 ||   185
       Constrict         |    16 |    28 |     4 ||    48
       Tentacles         |    11 |    19 |     2 ||    32
       Punch             |       |     1 |       ||     1
Throw: Dart              |     2 |    11 |       ||    13
Evoke: Wand              |       |       |     1 ||     1
  Use: Scroll            |     4 |     2 |       ||     6
       Potion            |       |     1 |       ||     1
 Stab: Sleeping          |     4 |     4 |     1 ||     9
       Distracted        |     1 |       |       ||     1
Armor: Skin              |     3 |     2 |     1 ||     6
Dodge: Dodged            |    39 |    88 |     8 ||   135
Block: Buckler           |     7 |    28 |     2 ||    37
